 Dungeon Crawl Stone Soup version 0.30-a0-847-g17996783a1 (webtiles) character file.

Game seed: 1001620212295366649

343 qeuew the Poker (level 6, -5/47 HPs)
             Began as a Merfolk Gladiator on Mar 3, 2023.
             Succumbed to a scorpion's poison
             ... on level 4 of the Dungeon.
             The game lasted 00:02:27 (2689 turns).

qeuew the Poker (Merfolk Gladiator)                 Turns: 2689, Time: 00:02:27

Health: -5/47      AC:  4    Str: 17    XL:     6   Next: 57%
Magic:  6/6        EV: 14    Int:  7    God:
Gold:   161        SH:  0    Dex: 15    Spells: 5/5 levels left

rFire   . . .      SeeInvis .    a - +1 trident (heavy)
rCold   . . .      Faith    .    (no shield)
rNeg    . . .      Spirit   .    b - +0 leather armour
rPois   .          Reflect  .    c - +0 helmet
rElec   .          Rampage  .    (no cloak)
rCorr   +                        (no gloves)
Will    .....                    (no boots)
Stlth   +                        (no amulet)
HPRegen 0.27/turn                n - ring of resist corrosion
MPRegen 0.10/turn                (no ring)

@: mighty, lethally poisoned (-5 -> -31)
A: (nimble swimmer 2), mertail
a: no special abilities


You were on level 4 of the Dungeon.
You visited 1 branch of the dungeon, and saw 4 of its levels.

You collected 161 gold pieces.

Inventory:

Hand Weapons
 a - a +1 heavy trident (weapon)
Missiles
 d - 3 throwing nets (quivered)
 e - a javelin
Armour
 b - a +0 leather armour (worn)
 c - a +0 helmet (worn)
Jewellery
 n - a ring of resist corrosion (left hand)
Scrolls
 f - a scroll of teleportation
Potions
 h - a potion of magic
 l - 2 potions of haste


   Skills:
 + Level 3.3 Fighting
 * Level 6.0 Polearms
 * Level 3.9 Throwing
 + Level 1.4 Armour
 + Level 5.1 Dodging


You had 5 spell levels left.
You didn't know any spells.
Your spell library contained the following spells:

 Spells                   Type           Power      Damage    Failure   Level
 Freeze                   Ice            0%         1d3       50%         1
 Sting                    Tmut/Pois      0%         1d3       50%         1
 Frozen Ramparts          Ice            0%         1d1       86%         3
 Hailstorm                Conj/Ice       0%         3d3       86%         3
 Ice Form                 Ice/Tmut       0%         N/A       99%         4
 Lee's Rapid Deconstruct  Erth           0%         3d4*      100%        5
 Statue Form              Tmut/Erth      0%         N/A       100%        6


Dungeon Overview and Level Annotations

Branches:
Dungeon (4/15)
 Temple: D:4-7

Altars:
Qazlal

Shops:
D:4 *


Innate Abilities, Weirdness & Mutations

((You are very nimble when in or above water. (Stealth+, EV+, Speed+++)))
Your lower body shifts to a powerful aquatic tail in water.


Message History

The black bear bites you but does no damage.
The black bear misses you. The black bear claws you.
You barely miss the black bear.
The black bear is heavily wounded.
You feel very sick. The scorpion barely misses you.
The black bear barely misses you. The black bear misses you.
The black bear claws you. The goblin closely misses you.
The scorpion stings you.
You are lethally poisoned!
The scorpion poisons you!
You are too injured to fight recklessly!
You are too injured to fight recklessly!
You are too injured to fight recklessly!
You are too injured to fight recklessly!
You are too injured to fight recklessly!
You are too injured to fight recklessly!
You are too injured to fight recklessly!
You are too injured to fight recklessly!
You are too injured to fight recklessly!
You are too injured to fight recklessly!
You are too injured to fight recklessly!
You are too injured to fight recklessly!
You are too injured to fight recklessly!
Unknown command.
You feel very mighty all of a sudden.
* * * LOW HITPOINT WARNING * * *
You feel very sick. The scorpion stings you.
* * * LOW HITPOINT WARNING * * *
You are more poisoned.
The scorpion poisons you! The black bear bites you!
* * * LOW HITPOINT WARNING * * *
The black bear claws you.
* * * LOW HITPOINT WARNING * * *
The black bear claws you.
* * * LOW HITPOINT WARNING * * *
The goblin barely misses you.
You closely miss the black bear.
The black bear is heavily wounded.
You die...

.#####.....# #.#
..#....._... ###.###
.. ##.....# #!....#
#.# #☼....# #.....#
#.. ###.###
#.....####.. #....#
#...........###.#..#
#.ghs..# #..##.....
#.@...# ##.....###
#..##########...#
#.............>##
#...############
#.... ##...# #..##
#.[.#> ##..##.


You could see a black bear, a scorpion and a goblin.

Vanquished Creatures
  Grinder (D:3)
  Jessica (D:2)
  Terence (D:2)
  4 adders
  A worm (D:3)
  2 orcs (D:3)
  9 endoplasms
  A giant cockroach (D:2)
  A goblin (D:1)
  6 hobgoblins
  8 kobolds
  2 quokkas
  6 ball pythons
  2 bats (D:1)
  A frilled lizard (D:3)
  8 rats
54 creatures vanquished.

Notes
Turn   | Place    | Note
-------+----------+-------------------------------------------
     0 | D:1      | qeuew the Merfolk Gladiator began the quest for the Orb.
     0 | D:1      | Reached XP level 1. HP: 16/16 MP: 1/1
    94 | D:1      | Reached XP level 2. HP: 17/22 MP: 2/2
   233 | D:1      | Got Gusur's Spellbook of the Mercurial Volcano
   623 | D:2      | Reached XP level 3. HP: 19/28 MP: 3/3
   713 | D:2      | Noticed Jessica
  1093 | D:2      | Noticed Terence
  1107 | D:2      | Killed Terence
  1108 | D:2      | Reached XP level 4. HP: 20/34 MP: 4/4
  1403 | D:2      | Killed Jessica
  1404 | D:2      | Reached skill level 5 in Polearms
  1716 | D:3      | Reached skill level 1 in Armour
  1902 | D:3      | Reached XP level 5. HP: 37/39 MP: 5/5
  2127 | D:3      | Noticed Grinder
  2140 | D:3      | Killed Grinder
  2141 | D:3      | Reached skill level 6 in Polearms
  2141 | D:3      | Reached skill level 5 in Dodging
  2141 | D:3      | Reached XP level 6. HP: 38/47 MP: 6/6
  2638 | D:4      | Found Jeolimol's CLEARANCE SALE!.
  2651 | D:4      | Found a stormy altar of Qazlal.
  2680 | D:4      | Noticed a black bear
  2689 | D:4      | Succumbed to a scorpion's poison

Illustrated notes

Levels and vault maps discovered:
D:1:      scummos_arrival_gate, layout_basic
D:2:      layout_rooms, serial_co_window_serial, co_window_corner_a,
          co_window_paths_b, co_window_paths_a, co_window_cross_1,
          co_window_of_opportunity_a, co_window_paths_b, co_window_broadway_b,
          co_window_broadway_c, co_window_corner_b, co_window_broadway_a,
          co_window_2corner, glass_columns_a, glass_columns_a, glass_columns_b,
          glass_columns_a, glass_columns_b, minmay_misc_feat_rows, uniq_terence,
          uniq_jessica
D:3:      layout_loops_corners, corexii_shack, kennysheep_flooded_box,
          uniq_grinder
D:4:      layout_basic, grunt_qazlal_clouds, nicolae_overflow_hidden_temple,
          nicolae_shop_clearance

Skill      XL: |  1  2  3  4  5 |
---------------+----------------+-----
Polearms       | 5 6 |  6.0
Throwing       | 3 |  3.9
Armour         | 1 |  1.4
Fighting       | 3 |  3.3
Dodging        | 5 |  5.1

Action                     |  1- 3 |  4- 6 || total
---------------------------+-------+-------++-------
  Melee: Trident           |    83 |    64 ||   147
         Punch             |     2 |     1 ||     3
    Use: Potion            |     3 |     4 ||     7
         Scroll            |     1 |     6 ||     7
   Stab: Sleeping          |     2 |     3 ||     5
 Armour: Leather armour    |     9 |    18 ||    27
  Dodge: Dodged            |    39 |    50 ||    89

Table legend: (Time is in decaauts)
 A = Elapsed time spent in this place.
 B = Non-inter-level travel time spent in this place.
 C = Inter-level travel time spent in this place.
 D = Time resting spent in this place.
 E = Time spent auto-exploring this place.
 F = Levels seen in this place.
 G = Mean time per level.
                   A        B        C        D        E       F      G
               +--------+--------+--------+--------+--------+-----+--------+
         Total |   2706 |   2660 |     46 |      0 |   2272 |   4 |  676.5 |
       Dungeon |   2706 |   2660 |     46 |      0 |   2272 |   4 |  676.5 |
               +--------+--------+--------+--------+--------+-----+--------+

Top non-repeatable levels by time:
     D:3: 998 daAuts
     D:2: 950 daAuts
     D:1: 610 daAuts
     D:4: 146 daAuts
